 Dungeon Crawl Stone Soup version 0.27-a0-1280-g9d2d252d84 (webtiles) character file.

Game seed: 13627591308909783186

112 27snakeeyes612 the Shield-Bearer (level 4, -3/24 HPs)
             Began as a Vine Stalker Fighter on June 13, 2021.
             Slain by a gnoll (7 damage)
             ... on level 3 of the Dungeon.
             The game lasted 00:02:56 (2999 turns).

27snakeeyes612 the Shield-Bearer (VSFi)             Turns: 2999, Time: 00:02:56

Health: -3/24      AC:  6    Str: 19    XL:     4   Next: 95%
Magic:  0/5        EV:  7    Int:  8    God:
Gold:   192        SH:  9    Dex: 14    Spells: 3/3 levels left

rFire    . . .     SeeInvis +   a - +0 war axe
rCold    . . .     Faith    .   c - +0 kite shield
rNeg     . . .     Spirit   +   b - +0 scale mail
rPois    .         Reflect  .   (no helmet)
rElec    .         Harm     .   (no cloak)
rCorr    .         Rampage  .   (no gloves)
Will     .....                  (no boots)
Stlth    ..........             (no amulet)
HPRegen  1.08/turn              f - ring of see invisible
MPRegen  0.09/turn              (no ring)

@: no status effects
A: fangs 2, regeneration 1, magic shield, antimagic bite, no potion heal 2
a: no special abilities


You were on level 3 of the Dungeon.
You visited 1 branch of the dungeon, and saw 3 of its levels.

You collected 192 gold pieces.

Inventory:

Hand Weapons
 a - a +0 war axe (weapon)
Armour
 b - a +0 scale mail (worn)
 c - a +0 kite shield (worn)
Jewellery
 f - a ring of see invisible (left hand)
Scrolls
 d - 2 scrolls of fog {unknown}
 h - a scroll of identify {unknown}
 i - a scroll of torment {unknown}
 j - a scroll of silence {unknown}
Potions
 e - a potion of curing
 g - a potion of degeneration {unknown}


   Skills:
 + Level 3.2 Fighting
 + Level 2.6 Axes
 + Level 3.0 Armour
 + Level 0.9 Dodging
 + Level 3.3 Shields


You had 3 spell levels left.
You didn't know any spells.
Your spell library was empty.

Dungeon Overview and Level Annotations

Branches:
Dungeon (3/15)

Altars:
Elyvilon
Qazlal

Annotations:
D:3 3 runed translucent doors, Glokmah's ghost, amateur GrEE


Innate Abilities, Weirdness & Mutations

You have extremely sharp teeth.
Your natural rate of healing is unusually fast.
When hurt, damage is shared between your health and your magic reserves.
Your bite disrupts and absorbs the magic of your enemies.
Potions cannot restore your health.


Message History

You climb downwards.
Level annotation: 3 runed translucent doors, Glokmah's ghost, amateur GrEE You block the gnoll's attack.
There is a stone staircase leading up, spattered with blood here.
You block the gnoll's attack. The gnoll completely misses you.
You closely miss the gnoll. The gnoll hits you with a +0 spear.
The gnoll hits you from afar with a +0 spear.
You hit the gnoll.
The gnoll is moderately wounded.
The gnoll hits you but does no damage. You block the gnoll's attack.
The gnoll hits you with a +0 spear. The gnoll closely misses you.
You barely miss the gnoll. You bite the gnoll. You drain its power.
You feel invigorated.
The gnoll is heavily wounded.
The gnoll hits you with a +0 spear. The gnoll barely misses you.
The gnoll hits you with a +0 spear.
You closely miss the gnoll.
The gnoll is heavily wounded.
The gnoll hits you from afar with a +0 spear.
The gnoll barely misses you. The gnoll completely misses you.
You completely miss the gnoll. You bite the gnoll. You drain its power.
You feel invigorated.
The gnoll is heavily wounded.
The gnoll hits you with a +0 spear! The gnoll barely misses you.
The gnoll hits you with a +0 spear!
* * * LOW HITPOINT WARNING * * *
You block the gnoll's attack.
You are too injured to fight recklessly!
You are too injured to fight recklessly!
You are too injured to fight recklessly!
You are too injured to fight recklessly!
You are too injured to fight recklessly!
You are too injured to fight recklessly!
You are too injured to fight recklessly!
You are too injured to fight recklessly!
You are too injured to fight recklessly!
The gnoll hits you from afar with a +0 spear.
* * * LOW HITPOINT WARNING * * *
The gnoll hits you from afar with a +0 spear!
You die...

#...♣.♣..'...##. .#
#..♣.♣...'.####. .
#..♣♣.♣..#.....< #.
##......###.#### .##
###....####..... ..
#.######......## #.
#.....#.####..#
#.##.....#.# ##.# #.@.(#
#.# #.## #.###....#
#.#####..#
#......gg#####.#.......
....≈...≈.......#.####..
..#...§§..##.#### ##.
....§§§...##.#### #.
....§.§§........#+### ##
......§...##.##.....####
'#........##.##≈≈.P♣♣♣P.


You could see 2 gnolls.

Vanquished Creatures
  2 gnolls (D:2)
  3 adders (D:2)
  2 worms (D:2)
  8 endoplasms
  2 giant cockroaches
  2 goblins
  6 hobgoblins
  7 jackals (D:2)
  A quokka (D:2)
  2 ball pythons
  5 bats
  2 frilled lizards (D:1)
  4 kobolds
  12 rats
58 creatures vanquished.

Vanquished Creatures (others)
  A butterfly (D:3)
1 creature vanquished.

Grand Total: 59 creatures vanquished

Notes
Turn   | Place    | Note
-------+----------+-------------------------------------------
     0 | D:1      | 27snakeeyes612 the Vine Stalker Fighter began the quest for
                  | the Orb.
     0 | D:1      | Reached XP level 1. HP: 11/11 MP: 2/2
   292 | D:1      | Reached XP level 2. HP: 11/16 MP: 3/3
  1109 | D:2      | Reached XP level 3. HP: 19/20 MP: 4/4
  1494 | D:2      | Found a faded altar of an unknown god.
  2019 | D:2      | Gained mutation: Your natural rate of healing is unusually
                  | fast. [Vine Stalker growth]
  2019 | D:2      | Reached XP level 4. HP: 3/24 MP: 3/5
  2182 | D:3      | Found a stormy altar of Qazlal.
  2278 | D:3      | Found a runed translucent gate.
  2278 | D:3      | Found a runed translucent gate.
  2278 | D:3      | Found a runed translucent gate.
  2278 | D:3      | Noticed Glokmah's ghost (amateur GrEE)
  2279 | D:3      | Noticed a kobold brigand
  2590 | D:3      | Found a white marble altar of Elyvilon.
  2999 | D:3      | Slain by a gnoll

Illustrated notes

Levels and vault maps discovered:
D:1:      dpeg_arrival_ratfight, layout_basic, minmay_rat_gold_closets
D:2:      layout_loops_corners, hellmonk_ecumenical_altar_crossroads
D:3:      layout_basic, overflow_temple_1_default,
          nicolae_elyvilon_peaceful_grove, nicolae_qazlal_scattered_showers,
          gammafunk_ghost_nasty_kobolds, kennysheep_generic_room_3

Skill      XL: |  1  2  3  4 |
---------------+-------------+-----
Fighting       | 3 |  3.2
Axes           | 2 |  2.6
Shields        | 3 |  3.3
Armour         | 3 |  3.0
Dodging        | |  0.9

Action                   |  1- 3 |  4- 6 || total
-------------------------+-------+-------++-------
Melee: War axe           |   105 |    56 ||   161
       Bite              |    20 |    16 ||    36
  Use: Potion            |     1 |     1 ||     2
Armor: Scale mail        |    60 |    20 ||    80
Dodge: Dodged            |    34 |    40 ||    74
Block: Kite shield       |    64 |    36 ||   100

Table legend: (Time is in decaauts)
 A = Elapsed time spent in this place.
 B = Non-inter-level travel time spent in this place.
 C = Inter-level travel time spent in this place.
 D = Time resting spent in this place.
 E = Time spent auto-exploring this place.
 F = Levels seen in this place.
 G = Mean time per level.
                   A        B        C        D        E       F      G
               +--------+--------+--------+--------+--------+-----+--------+
         Total |   3103 |   2901 |    202 |    413 |   2043 |   3 | 1034.3 |
       Dungeon |   3103 |   2901 |    202 |    413 |   2043 |   3 | 1034.3 |
               +--------+--------+--------+--------+--------+-----+--------+

Top non-repeatable levels by time:
     D:2: 1527 daAuts
     D:1: 1116 daAuts
     D:3: 459 daAuts
